[Event "13th KIIT Festival-A 2022"]
[Site "Bhubaneswar"]
[Date "2022.05.25"]
[Round "5.11"]
[White "Karthikeyan, P.."]
[Black "Chidvilash Sai Surapaneni"]
[Result "*"]
[ECO "B12"]
[WhiteElo "2361"]
[BlackElo "1912"]
[Annotator "TA"]
[PlyCount "36"]
[EventDate "2022.05.15"]
[EventType "swiss"]
[EventCountry "IND"]
[SourceTitle "playchess.com"]
[Source "ChessBase"]
[SourceQuality "1"]
[TimeControl "5400+30"]

1. e4 c6 2. d4 d5 3. e5 Bf5 4. Nd2 e6 5. Nb3 a6 6. Nf3 {[%emt 0:01:45][%cal Bg1f3,Bf3d4,Bd4b5][%mdl 32] B12: Caro-Kann: Advance Variation.} c5 7. dxc5 Bxc5 8. Nxc5 {[%emt 0:00:18] White has an edge.} Qa5+ 9. c3 Qxc5 10. Nd4 {[%emt 0:00:18] Be3 is the strong threat.} Bg6 11. Qa4+ Nd7 $1 {[%emt 0:09:17] [#]} 12. Nb5 $1 {[%emt 0:02:20] [#]  Weighted Error Value: White=0.04 (flawless) /Black=0.11 (very precise)} {Predecessor:} Rb8 $146 13. Nd6+ Kd8 14. Be3 Qc6 15. Qb4 Nxe5 16. Ba7 Kc7 17. Bxb8+ Kxb8 18. f4 Nd7 {1-0 (69) Popov,I (2549)-Rombaldoni,D (2418) Gaziantep 2008} *

[Event "13th KIIT Festival-A 2022"]
[Site "Bhubaneswar"]
[Date "2022.05.25"]
[Round "5.12"]
[White "Mayank Chakraborty"]
[Black "Konguvel, Ponnuswamy"]
[Result "1-0"]
[ECO "B77"]
[WhiteElo "2015"]
[BlackElo "2331"]
[Annotator "TA"]
[PlyCount "97"]
[EventDate "2022.05.15"]
[EventType "swiss"]
[EventCountry "IND"]
[SourceTitle "playchess.com"]
[Source "ChessBase"]
[SourceQuality "1"]
[TimeControl "5400+30"]

1. e4 c5 2. Nf3 g6 3. d4 cxd4 4. Nxd4 Nc6 5. Nc3 Bg7 6. Be3 Nf6 7. Bc4 O-O 8. Bb3 d6 9. f3 Bd7 10. Qd2 Nxd4 11. Bxd4 b5 12. a4 bxa4 {[%emt 0:03:49] B77: Sicilian Dragon: Yugoslav Attack, 9 Bc4 sidelines.} 13. Bxa4 Bxa4 14. Rxa4 Qb8 {[%emt 1:19:00] The position is equal.} 15. O-O Rc8 16. b3 Qb7 17. Kh1 e6 18. Rfa1 a6 {[%emt 0:00:00] [#]} 19. Ra5 $146 ({Predecessor:} 19. R1a2 Rc6 20. Ne2 Rac8 21. Be3 d5 22. e5 Nd7 23. Rb4 Qa8 24. Nd4 R6c7 25. f4 {½-½ (32) Nayhebaver,M (2471)-Seres,L (2422) Hungary 2019}) 19... Qc6 20. R1a2 e5 21. Nd5 Nxd5 22. exd5 Qe8 23. Bg1 e4 $1 24. Rxa6 exf3 25. Rxa8 (25. gxf3 {with more complications.} Rxa6 26. Rxa6 Rc3 27. Kg2) 25... fxg2+ 26. Kxg2 Rxa8 27. Rxa8 Qxa8 $11 {[%emt 0:00:00][%mdl 4096] Endgame KQB-KQB} 28. c4 h5 29. b4 Qc8 30. Qe2 Qf5 31. b5 h4 32. h3 $1 Be5 33. b6 Qb1 (33... Qg5+ $11 {keeps the balance.} 34. Qg4 Qd2+ 35. Bf2 (35. Kh1 Kg7 $11) 35... Kg7) 34. c5 $16 {[%emt 0:01:07] [#] Threatens to win with c6.} Qb3 35. c6 {[%emt 0:00:09] Strongly threatening Qf3.} Qg3+ 36. Kh1 {[%emt 0:01:14] White threatens Qe3 and mate.} Qxh3+ 37. Bh2 Bxh2 {[%emt 0:01:14] [#]} 38. Qg2 $1 (38. Qxh2 Qf1+ 39. Qg1 Qh3+ 40. Qh2 Qf1+ 41. Qg1 Qh3+ 42. Qh2 $11) 38... Qb3 {[%emt 0:02:25] ...Be5 is the strong threat.} 39. c7 ({Worse is} 39. Qxh2 Qxb6 40. Qxd6 Qb1+ 41. Kh2 Qc2+ 42. Kh3 Qd3+ 43. Kxh4 Qe4+ 44. Kh3 Qf3+ 45. Kh4 Qe4+ 46. Kh3 Qf3+ 47. Kh4 Qe4+ $11) 39... Bg3 $2 {[%emt 0:00:42][%mdl 8192] This costs Black the game.} (39... Qc3 $16 {is a better chance.} 40. Qg4 (40. Qxh2 Kg7 $18) 40... Qa1+ 41. Kxh2 Qe5+ 42. Kh1 Qe1+ 43. Qg1 Qe4+ 44. Qg2 Qe1+ 45. Kh2 Qe5+ 46. Kg1 Qc3) 40. c8=Q+ $18 Kg7 41. Qc1 {[%emt 0:00:18] Against Qd1+} ({And not} 41. b7 Qb1+ 42. Qg1 Qe4+ 43. Qg2 Qb1+ 44. Qg1 Qe4+ 45. Qg2 Qb1+ $11) 41... Be5 {[%emt 0:00:45] Against Qcb2} (41... Qxb6 $142 42. Qgb2+ Qxb2 43. Qxb2+ Be5) 42. Qcg1 h3 43. Qe4 {[%emt 0:00:17] Hoping for Qgb1.} Qb2 44. Qf3 {[%emt 0:01:08] White wants to mate with Qgf2.} Bd4 {[%emt 0:01:56] Inhibits Qgf2.} 45. Qgf1 f5 46. Q3e2 {[%emt 0:01:40] White mates.} Qxb6 47. Qe7+ Kg8 48. Qc1 Bc5 49. Qa1 {[%emt 0:00:25] Weighted Error Value: White=0.04 (flawless) /Black=0.62} 1-0

[Event "13th KIIT Festival-A 2022"]
[Site "Bhubaneswar"]
[Date "2022.05.25"]
[Round "5.13"]
[White "Koustav Chakraborty"]
[Black "Aaryan Varshney"]
[Result "1/2-1/2"]
[ECO "B52"]
[WhiteElo "1945"]
[BlackElo "2308"]
[Annotator "TA"]
[PlyCount "60"]
[EventDate "2022.05.15"]
[EventType "swiss"]
[EventCountry "IND"]
[SourceTitle "playchess.com"]
[Source "ChessBase"]
[SourceQuality "1"]
[TimeControl "5400+30"]

1. e4 c5 2. Nf3 d6 3. Bb5+ Bd7 4. Bxd7+ Qxd7 5. c4 Nc6 6. d4 cxd4 7. Nxd4 Nf6 8. Nc3 g6 9. f3 Bg7 10. Be3 O-O 11. O-O a6 12. a4 {[%emt 0:00:16] B52: Sicilian: Moscow Variation with 3...Bd7.} Qc7 13. b3 Qa5 {[%emt 0:00:55] [#]} 14. Qd3 $146 ({Predecessor:} 14. Qd2 Rfc8 15. Rfd1 Rab8 16. Rab1 Nd7 17. Nde2 Qd8 18. Kh1 Nc5 19. Nd5 e6 20. Ndc3 {½-½ (57) Tiviakov,S (2686)-Ivanchuk,V (2786) Benidorm 2008}) 14... Rac8 15. Rab1 Ne5 16. Qd2 e6 17. h3 Rfd8 18. f4 Nc6 19. Nxc6 Rxc6 20. Rfd1 Nh5 21. Ne2 Qxd2 22. Rxd2 Nf6 23. Ng3 Rdc8 24. Rbd1 Ne8 25. Ne2 {[%emt 0:00:40] White is more active.} h5 26. Kf2 (26. Nd4 $5 ) 26... f5 27. exf5 gxf5 28. Nd4 Bxd4 {[%emt 0:00:24] The position is equal.} 29. Bxd4 ({Reject} 29. Rxd4 Nf6 $11) 29... Kf7 30. Rd3 Rd8 {[%emt 0:28:05] Weighted Error Value: White=0.08 (flawless) /Black=0.07 (flawless)} 1/2-1/2

[Event "13th KIIT Festival-A 2022"]
[Site "Bhubaneswar"]
[Date "2022.05.25"]
[Round "5.14"]
[White "Ankit Ray"]
[Black "Saravana, Krishnan P."]
[Result "0-1"]
[ECO "A57"]
[WhiteElo "1932"]
[BlackElo "2269"]
[Annotator "TA"]
[PlyCount "164"]
[EventDate "2022.05.15"]
[EventType "swiss"]
[EventCountry "IND"]
[SourceTitle "playchess.com"]
[Source "ChessBase"]
[SourceQuality "1"]
[TimeControl "5400+30"]

1. d4 Nf6 2. Nf3 c5 3. d5 b5 4. c4 Bb7 5. cxb5 Bxd5 6. Nc3 {[%emt 0:00:22] A57: Benko/Volga Gambit.} Bb7 7. Bg5 d5 $1 8. e3 {[%emt 0:00:08] Inhibits d4. Black is slightly better.} e6 {[%emt 0:02:58] [#]} 9. Qa4 $146 (9. a4 $11) ({Predecessor:} 9. Bd3 Be7 10. Ne5 O-O 11. Qc2 h6 12. Bf4 a6 13. Nc6 Nxc6 14. bxc6 Bxc6 15. O-O-O {0-1 (31) Khusenkhojaev,M (2377)-Sivokho,S (2464) St Petersburg 2007}) 9... Nbd7 10. Be2 Be7 11. O-O O-O 12. Rad1 h6 13. Bh4 Qc7 14. Bg3 e5 15. Bd3 (15. Qc2 $15) 15... Bd6 16. Qh4 Rfe8 {[%emt 0:03:25] Strongly threatening ...d4.} 17. Bf5 ({Better is} 17. Nd2) 17... d4 $1 $17 18. Ne4 (18. Nb1 $17 {was worth a try.}) 18... Nxe4 $19 19. Bxe4 {[%emt 0:02:56] [#]} Be7 $1 20. Qg4 Nf6 21. Qh3 (21. Bxe5 $142 Nxg4 22. Bxc7 Bxe4 23. exd4) 21... Nxe4 ({Don't blunder} 21... Bxe4 $2 22. Bxe5 Qb6 23. exd4 $19) 22. Bxe5 Bd6 23. exd4 Bxe5 24. dxe5 Rad8 {[%emt 0:00:23] Against Rd7} 25. Qg4 Ng5 26. Nxg5 hxg5 27. Qxg5 Rxd1 28. Rxd1 Qxe5 29. Qxe5 Rxe5 {[%emt 0:00:05][%mdl 4096] Endgame KRB-KR} 30. Rd8+ Kh7 31. f3 Rd5 {[%emt 0:03:41] Inhibits Rd7.} 32. Rb8 Rd7 33. a4 a6 34. bxa6 Bxa6 35. Rb6 Rd1+ 36. Kf2 Rd2+ 37. Ke3 Rd3+ 38. Kf2 Rd2+ 39. Ke3 Re2+ 40. Kf4 Bd3 41. Kg3 (41. a5 $17 {keeps fighting.}) 41... Rc2 42. a5 Rc1 (42... Bf1 $19 43. a6 Rxg2+ 44. Kf4 Rxh2) 43. Rb3 $17 Bc4 44. Re3 Rc2 45. Ra3 $2 (45. Rc3 $17 Rxc3 46. bxc3) 45... Rxb2 $19 46. a6 Bd5 47. a7 {[%emt 0:00:22] [#]} Ba8 $1 48. Ra5 c4 $2 (48... Rb7 $19 {Hoping for ...c4.} 49. Kf2 c4) 49. Rc5 $2 (49. Rh5+ $1 $11 {and White stays safe.} Kg6 50. Rh8) 49... Rb7 50. Rxc4 Rxa7 51. Rc2 Bd5 52. Rd2 Be6 53. h4 Ra2 54. Rd1 Kg6 55. Re1 Rd2 56. Rc1 Kh5 57. Rc5+ Rd5 58. Rc2 Rd4 59. Rc5+ f5 60. Re5 Bd7 {[%emt 0:00:16] And now ...g6 would win.} 61. Re7 f4+ 62. Kh2 Kg6 63. Re5 Kf6 64. Rc5 Be6 {[%emt 0:00:14] ...Rd8 is the strong threat.} 65. Kg1 $2 (65. Rb5) 65... Rd1+ (65... Rd5 $142 66. Rc3 Rh5) 66. Kf2 $2 (66. Kh2) 66... Rh1 67. h5 Bf5 68. g4 fxg3+ 69. Kxg3 Rh3+ (69... Rxh5 $142 70. Kf4 Rh4+ 71. Kg3 Rb4) 70. Kf4 (70. Kg2 $142 Rxh5 71. Kg3) 70... Rh4+ 71. Kg3 Rxh5 72. Rc6+ Be6 73. Rb6 Rc5 74. Rb4 Rc3 75. Rf4+ Kg5 {[%emt 0:00:48] ( -> ...Rd3)} 76. Rd4 {[%emt 0:00:14] Inhibits Rd3.} g6 77. Re4 {[%emt 0:00:24] [#]} Rxf3+ $3 {[%emt 0:00:25][%mdl 512] Black mates.} 78. Kh2 Bf5 79. Rb4 Rf4 80. Rb2 Kh4 81. Rg2 Rc4 82. Rf2 Rc2 {[%emt 0:00:05] Weighted Error Value: White=0.25 (precise) /Black=0.18 (very precise)} 0-1

[Event "13th KIIT Festival-A 2022"]
[Site "Bhubaneswar"]
[Date "2022.05.25"]
[Round "5.15"]
[White "Sangma, Rahul"]
[Black "Velpula Sarayu"]
[Result "1-0"]
[ECO "B92"]
[WhiteElo "2232"]
[BlackElo "1845"]
[Annotator "TA"]
[PlyCount "103"]
[EventDate "2022.05.15"]
[EventType "swiss"]
[EventCountry "IND"]
[SourceTitle "playchess.com"]
[Source "ChessBase"]
[SourceQuality "1"]
[TimeControl "5400+30"]

1. e4 c5 2. Nf3 d6 3. d4 cxd4 4. Nxd4 Nf6 5. Nc3 a6 6. Be2 e5 7. Nb3 Be7 8. Be3 Be6 9. O-O O-O 10. Re1 {[%emt 0:00:30] 10.Qd3 gains popularity. B92: Sicilian Najdorf: 6 Be2.} Nc6 11. Bf3 Na5 12. Nxa5 {[%emt 0:00:30] The position is equal.} Qxa5 13. Qd2 Rfd8 {[%emt 0:00:30] [#]} (13... Rfc8 {looks sharper.} 14. Nd5 Qxd2 15. Nxe7+ Kf8) 14. Red1 $146 ({Predecessor:} 14. Nd5 Qxd2 15. Nxe7+ Kf8 16. Bxd2 Kxe7 17. Ba5 Rdc8 18. c3 Nd7 19. Red1 Rc6 20. Rd2 {1-0 (64) Saveliev,A (2000)-Chigaeva,A (1793) St Petersburg 2010}) 14... Qc7 15. a4 Nd7 (15... b6 $11) 16. a5 b6 17. axb6 Nxb6 18. Be2 Qb7 (18... Nc4 $11 {remains equal.} 19. Bxc4 Qxc4) 19. b3 $16 Rdc8 20. Na4 ({White should try} 20. Bxb6 $16 Qxb6 21. Nd5 Bxd5 22. Qxd5) 20... Nxa4 $14 21. Rxa4 Bd7 22. Rb4 Qc7 23. Rc4 Qb7 24. Rxc8+ Rxc8 25. f3 Qc6 26. Bd3 Bd8 27. Bc4 Bc7 28. Qd3 {[%emt 0:00:30] White is more active.} a5 29. Bd5 Qb5 30. Qxb5 Bxb5 31. Ra1 Bd7 32. Kf1 Kf8 33. Ke2 Ke7 34. Kd3 Bd8 35. Bg5+ f6 36. Be3 Be6 37. Bd2 Bxd5 38. exd5 $16 {[%emt 0:00:30][%mdl 4096] Endgame KRB-KRB} Rc5 39. c4 Kd7 40. g4 g5 (40... Ke7 $16 41. h4 Kd7) 41. Be1 h6 42. h4 (42. Ra4 $142) 42... Ke7 $2 {[%emt 0:00:30] [#]} (42... gxh4 {is tougher.} 43. Bxh4 Rc8) 43. h5 $18 {[%emt 0:00:30] White is clearly winning.} Kd7 44. b4 axb4 45. Ra7+ Rc7 46. Rxc7+ Bxc7 47. Bxb4 {[%emt 0:00:30] KB-KB} Bb6 48. Ke4 Ke7 49. Kf5 Be3 50. Kg6 Bf4 51. c5 dxc5 52. Bxc5+ {[%emt 0:00:30] Weighted Error Value: White=0.12 (very precise) /Black=0.36} 1-0

[Event "13th KIIT Festival-A 2022"]
[Site "Bhubaneswar"]
[Date "2022.05.25"]
[Round "5.16"]
[White "Liyanage, Pesandu Rashmitha"]
[Black "Dhananjay S"]
[Result "1/2-1/2"]
[ECO "D00"]
[WhiteElo "1730"]
[BlackElo "2218"]
[Annotator "TA"]
[PlyCount "59"]
[EventDate "2022.05.15"]
[EventType "swiss"]
[EventCountry "IND"]
[SourceTitle "playchess.com"]
[Source "ChessBase"]
[SourceQuality "1"]
[TimeControl "5400+30"]

1. d4 d5 2. Bf4 c5 3. e3 Nc6 4. c3 Nf6 5. Nd2 Bf5 6. Qb3 {[%emt 0:00:51] D00: 1 d4 d5: Unusual lines.} Qd7 7. Ngf3 e6 ({Black should play} 7... c4 $11 8. Qb5 Nh5) 8. Bb5 $14 {[%emt 0:04:23] White is slightly better.} c4 9. Qa4 Bd6 10. Bxd6 Qxd6 11. Ne5 O-O 12. Bxc6 bxc6 13. Qxc6 (13. b3 $1 $14 {was preferrable.}) 13... Qb8 $11 14. b3 cxb3 {[%emt 0:02:36] [#]} 15. axb3 $146 ({Predecessor:} 15. Nxb3 Rc8 16. Qa6 Rxc3 17. O-O Ng4 18. Nxg4 Bxg4 19. Rfc1 Qc7 20. Nc5 Rxc1+ 21. Rxc1 {1-0 (38) Maltseva,E (1294)-Morozov,N (1098) Sochi 2019}) 15... Rc8 {[%emt 0:00:04][%mdl 64] [#] Deflection} 16. Qa4 {[%emt 0:00:06] With the idea c4.} Rxc3 17. O-O Rc2 18. Qa5 Qc8 19. h3 Rb8 {[%emt 0:07:34] [#]} (19... Ne4 $11 20. Nxe4 Bxe4) 20. Rfd1 (20. Qxa7 $1 $14 Rb7 21. Qa8) 20... Rb7 21. b4 Ne4 22. Nxe4 Bxe4 23. b5 Rb2 24. Rdc1 Qe8 25. Rc5 {[%emt 0:05:15] aiming for Rac1.} R2xb5 26. Rxb5 Rxb5 27. Qxa7 f6 28. Qd7 Qxd7 (28... Rb8 $11 29. Qxe8+ Rxe8) 29. Nxd7 $2 (29. Ra8+ {mates} Rb8 30. Rxb8+ (30. Nxd7 $2 {too greedy.} Rxa8 31. Kh2 Ra2 $19) 30... Qe8 31. Rxe8#) 29... h5 30. Ne5 $2 {[%emt 0:00:30][%mdl 40960] Weighted Error Value: White=0.32/Black=0.45. An unexpected result.} 1/2-1/2

[Event "13th KIIT Festival-A 2022"]
[Site "Bhubaneswar"]
[Date "2022.05.25"]
[Round "5.17"]
[White "Sinthia Sarkar"]
[Black "Alekhya Mukhopadhyay"]
[Result "0-1"]
[ECO "B49"]
[WhiteElo "1569"]
[BlackElo "2162"]
[Annotator "TA"]
[PlyCount "50"]
[EventDate "2022.05.15"]
[EventType "swiss"]
[EventCountry "IND"]
[SourceTitle "playchess.com"]
[Source "ChessBase"]
[SourceQuality "1"]
[TimeControl "5400+30"]

1. e4 c5 2. Nf3 e6 3. d4 cxd4 4. Nxd4 Nc6 5. a3 Qc7 6. Be3 Nf6 7. Nc3 a6 8. Be2 b5 9. O-O Bb7 10. f4 Nxd4 $1 {[%emt 0:16:17][%mdl 4] is now more promising than 10...d6. B49: Sicilian: Taimanov: 5 Nc3 Qc7 6 Be3 a6 7 Be2.} 11. Qxd4 d6 12. Bf3 Be7 {[%emt 0:01:07] The position is equal.} 13. Rad1 Rc8 14. Kh1 O-O {[%emt 0:05:54] [#]} 15. Rc1 $146 ({Predecessor:} 15. Rfe1 Rfd8 16. f5 e5 17. Qb6 Qb8 18. Qa5 Rd7 19. Bb6 h6 20. a4 b4 21. Qxb4 {1-0 (51) Yurtaev,L (2515)-Hansen,C (2595) Yerevan 1996}) 15... Rfd8 16. Qd2 Bc6 17. g4 {[%emt 0:05:39] [#]} (17. f5 $11 {keeps the balance.}) 17... d5 $1 $17 18. exd5 Nxd5 19. Nxd5 Bxd5 20. Qg2 Bc5 21. Bxc5 Qxc5 22. c3 Bb3 {[%emt 0:01:10] Black is more active.} 23. Bd1 $2 {[%emt 0:01:24] [#]} ({White should play} 23. Rce1 $15) 23... Bc4 $19 24. Be2 (24. Rf2 Qe3 25. Ra1) 24... Rd2 25. b4 Qe3 {[%emt 0:00:53] Weighted Error Value: White=0.74/Black=0.07 (flawless)} ({Don't blunder} 25... Rxe2 $2 26. bxc5 Rxg2 27. Kxg2 Bxf1+ 28. Kxf1 $19) 0-1

[Event "13th KIIT Festival-A 2022"]
[Site "Bhubaneswar"]
[Date "2022.05.25"]
[Round "5.18"]
[White "Eshan Bhattacharjee"]
[Black "Manish Anto Cristiano F"]
[Result "1/2-1/2"]
[ECO "C52"]
[WhiteElo "1440"]
[BlackElo "2071"]
[Annotator "TA"]
[PlyCount "37"]
[EventDate "2022.05.15"]
[EventType "swiss"]
[EventCountry "IND"]
[SourceTitle "playchess.com"]
[Source "ChessBase"]
[SourceQuality "1"]
[TimeControl "5400+30"]

1. e4 e5 2. Nf3 Nc6 3. Bc4 Bc5 4. b4 Bxb4 5. c3 Ba5 6. d4 exd4 {[%emt 0:15:18] 6...d6 might become the main line.} 7. O-O Nge7 8. Ng5 (8. cxd4 $5 d5 9. exd5 Nxd5 10. Ba3 $11 (10. Qb3 Be6 $11)) 8... Ne5 {[%emt 0:08:23] [#] C52: Evans Gambit Accepted: 5 c3 Ba5.} (8... d5 9. exd5 Ne5 10. Qxd4 f6) 9. Nxf7 $1 {[%emt 0:00:41][%mdl 64] Decoy} Nxf7 10. Bxf7+ Kxf7 11. Qh5+ Kg8 $1 {[%emt 0:05:22] ...d5 is the strong threat.} 12. Qxa5 dxc3 (12... d5) (12... d5 $11 {keeps the balance.}) 13. Nxc3 {[%emt 0:25:18] And now Nd5 would win.} (13. Qxc3 h6 14. Bb2) (13. Qxc3 {is more complex.} h6 14. Bb2 Rh7 15. Re1) 13... h6 {[%emt 0:08:39] [#]} (13... b6 14. Qa3 h6) (13... b6 $1 $14 14. Qa3 h6) 14. Nd5 $146 {[%emt 0:02:34] White is much more active. The black rooks are badly placed.} (14. Nb5) (14. Nb5 $1 $16 ) ({Predecessor:} 14. Ba3 d6 15. Rad1 Nc6 16. Qd5+ Kh7 17. f4 Re8 18. e5 Qd7 19. exd6 cxd6 20. Bxd6 {½-½ (32) Baudin,F (2169)-Hater,D Leopoldsburg 2000}) 14... Nxd5 $14 15. Qxd5+ Kh7 16. Qf5+ {[%emt 0:05:33][%mdl 1024] White has compensation.} Kg8 17. Qd5+ Kh7 18. Qf5+ Kg8 19. Qd5+ {[%emt 0:00:10] Weighted Error Value: White=0.25 (precise) /Black=0.25 (precise)} 1/2-1/2

[Event "13th KIIT Festival-A 2022"]
[Site "Bhubaneswar"]
[Date "2022.05.25"]
[Round "5.19"]
[White "Praloy Sahoo"]
[Black "Daaevik Wadhawan"]
[Result "1-0"]
[ECO "B50"]
[WhiteElo "2065"]
[BlackElo "1603"]
[Annotator "TA"]
[PlyCount "99"]
[EventDate "2022.05.15"]
[EventType "swiss"]
[EventCountry "IND"]
[SourceTitle "playchess.com"]
[Source "ChessBase"]
[SourceQuality "1"]
[TimeControl "5400+30"]

1. e4 c5 2. Nf3 d6 3. Nc3 Nf6 4. e5 dxe5 5. Nxe5 e6 6. g3 {[%emt 0:00:23] B50: Sicilian: 2...d6, Miscellaneous.} (6. Bb5+ {seems wilder.} Nbd7 7. d4 a6 8. Bxd7+ Bxd7 9. Be3) 6... Qc7 7. Qe2 a6 {[%emt 0:06:09] Inhibits Nb5.} 8. Bg2 {[%emt 0:00:28] White has an edge.} Bd6 9. Nc4 Nc6 {[%emt 0:00:42] [#]} 10. d3 $146 ({Predecessor:} 10. Nxd6+ Qxd6 11. O-O Nd4 12. Qd1 O-O 13. d3 e5 14. h3 c4 15. dxc4 Bf5 16. Be3 {1-0 (41) Kreisl,R (2424)-Salar,M (2256) Ahvaz 2019}) 10... Bd7 11. Ne4 Nxe4 12. dxe4 Rd8 13. Nxd6+ Qxd6 14. Qd2 Qxd2+ 15. Bxd2 e5 16. f4 Nd4 17. Rc1 Bh3 $2 {[%emt 0:10:21] Black cannot hold the game after this.} 18. Bxh3 $18 Nf3+ {[%emt 0:00:01] [#]} 19. Ke2 $1 Nxd2 20. Rcd1 Nxe4 21. Rxd8+ Kxd8 {[%emt 0:00:01][%mdl 4096] Endgame [#] KRB-KRN} 22. Rd1+ $1 (22. fxe5 Ng5 23. Bg2 Re8 $14) 22... Ke8 (22... Kc7 $142) 23. fxe5 {[%emt 0:00:17] Threatens to win with Bd7+.} Ng5 24. Bc8 f6 25. h4 (25. Bxb7 fxe5 26. Rd5 Ke7 27. Bxa6 (27. Rxe5+ Ne6 $18) 27... Rb8 28. Rxe5+ Kf6 29. Rxc5 Rxb2 $18) 25... Nf7 26. exf6 ({Not} 26. Bxb7 Nxe5 27. Bxa6 Ke7 $16) 26... gxf6 27. Bxb7 Rg8 28. Bc6+ ({Don't do} 28. Bxa6 $6 Rxg3 29. Rd5 Ne5 30. Rxc5 Rg2+ 31. Ke3 Ke7 $18) 28... Kf8 29. Kf2 Rg4 30. b3 Rb4 31. a3 Rb6 32. Be4 h6 33. Rd7 Ne5 (33... Nd6 $142) 34. Rc7 c4 35. bxc4 f5 36. Bd3 Nxd3+ (36... Re6 $142 37. Rc5 (37. Bxf5 Rf6 $18) 37... Kg7 38. Bxf5 Re7) 37. cxd3 {[%emt 0:00:09] KR-KR} Rb3 38. Ke3 Rxa3 39. Rh7 a5 40. c5 {[%emt 0:00:01] Black must now prevent c6.} Ke8 41. Kd4 Ra4+ 42. Kd5 Rg4 43. c6 Kd8 44. Kc5 a4 45. d4 a3 46. d5 {[%emt 0:00:21] White wants to mate with d6.} a2 47. Ra7 {[%emt 0:00:28] White threatens d6 and mate.} Rxg3 48. Rxa2 {[%emt 0:00:03] Intending d6 and mate.} Rg1 49. Ra8+ (49. d6 $142 Rc1+ 50. Kd5 Ke8 51. Ra8+ Kf7 52. c7 Kf6 53. Rf8+ Kg6 54. c8=Q) 49... Ke7 50. d6+ {[%emt 0:31:09] Weighted Error Value: White=0.08 (flawless) /Black=0.63} 1-0

[Event "13th KIIT Festival-A 2022"]
[Site "Bhubaneswar"]
[Date "2022.05.26"]
[Round "6.1"]
[White "Aleksandrov, Aleksej"]
[Black "Stupak, Kirill"]
[Result "1/2-1/2"]
[ECO "D20"]
[WhiteElo "2492"]
[BlackElo "2440"]
[Annotator "TA"]
[PlyCount "25"]
[EventDate "2022.05.15"]
[EventType "swiss"]
[EventCountry "IND"]
[SourceTitle "playchess.com"]
[Source "ChessBase"]
[SourceQuality "1"]
[TimeControl "5400+30"]

1. d4 d5 2. c4 dxc4 3. e4 Nf6 4. e5 Nd5 5. Bxc4 Nc6 6. Nf3 Nb6 7. Bb3 Bg4 8. Ng5 Bxd1 9. Bxf7+ Kd7 10. Be6+ Ke8 11. Bf7+ Kd7 12. Be6+ Ke8 13. Bf7+ 1/2-1/2

[Event "13th KIIT Festival-A 2022"]
[Site "Bhubaneswar"]
[Date "2022.05.26"]
[Round "6.2"]
[White "Amonatov, Farrukh"]
[Black "Nitin, S.."]
[Result "1-0"]
[ECO "B77"]
[WhiteElo "2622"]
[BlackElo "2399"]
[Annotator "TA"]
[PlyCount "59"]
[EventDate "2022.05.15"]
[EventType "swiss"]
[EventCountry "IND"]
[SourceTitle "playchess.com"]
[Source "ChessBase"]
[SourceQuality "1"]
[TimeControl "5400+30"]

1. e4 c5 2. Nf3 g6 3. d4 cxd4 4. Nxd4 Nc6 5. Nc3 Bg7 6. Be3 Nf6 7. Bc4 O-O 8. Bb3 d6 9. f3 Qa5 10. Qd2 Nxd4 11. Bxd4 Be6 12. O-O-O b5 13. Kb1 {[%emt 0:00:33] B77: Sicilian Dragon: Yugoslav Attack, 9 Bc4 sidelines.} b4 14. Nd5 Nxd5 (14... Bxd5 $11 {keeps the balance.} 15. exd5 (15. Bxd5 Nxd5 16. exd5 Qxd5 $11) 15... Qb5) 15. Bxg7 $16 {[%emt 0:01:39] White is better.} (15. Bxd5 $6 Bxd5 16. exd5 Qxd5 $11) 15... Kxg7 {[%emt 0:00:00] [#]} (15... Nc3+ $16 16. bxc3 Kxg7) 16. exd5 $146 (16. Bxd5 $6 Rac8 $14) ({Predecessor:} 16. Bxd5 Rac8 17. Bxe6 fxe6 18. Rhe1 e5 19. Qd5 Rc5 20. Qb7 Kf6 21. Re3 Rfc8 22. Rd5 {0-1 (28) Thompson-Barry corr 1979}) 16... Bd7 17. Rhe1 (17. h4 $16) 17... Qd8 {[%emt 0:00:00] A mistake that costs the game.} (17... Qc5 $1 $14) 18. Qxb4 a5 19. Qd4+ Kg8 20. h4 Rb8 21. h5 Rb4 {[%emt 0:00:00] [#]} (21... gxh5 $16 {was worth a try.} 22. Qe4 f6) 22. Qd2 $1 Rb7 23. Re4 {[%emt 0:20:36] Against a4} Bf5 (23... gxh5 {was necessary.} 24. Qg5+ Kh8 25. Qxh5 (25. Rxe7 a4 $14) 25... Rg8) 24. Rf4 Re8 25. g4 e5 (25... Bc8 {was called for.} 26. Re4 gxh5) 26. dxe6 {[%emt 0:01:58] White is clearly winning.} Bxe6 27. hxg6 hxg6 28. Rh1 {[%emt 0:05:40] [#] White wants to mate with Qd4.} Qg5 29. Qh2 Kg7 {[%emt 0:00:00] Inhibits Qh8+.} 30. Bxe6 {[%emt 0:01:11] Weighted Error Value: White=0.07 (flawless) /Black=0.56} 1-0